 Dungeon Crawl Stone Soup version 0.21.0 (webtiles) character file.

9543 Gigax the Martial Artist (level 11, 0/67 HPs)
             Began as an Octopode Monk on Jan 7, 2018.
             Was a High Priest of Cheibriados.
             Slain by Harold
             ... wielding a +2 halberd of protection
              (16 damage)
             ... on level 1 of the Lair of Beasts.
             The game lasted 00:21:06 (9394 turns).

Gigax the Martial Artist (Octopode Monk)            Turns: 9394, Time: 00:21:07

Health: 0/67       AC:  3    Str: 33    XL:     11   Next: 48%
Magic:  25/25      EV: 19    Int: 29    God:    Cheibriados [*****.]
Gold:   618        SH: 14    Dex: 28    Spells: 10/10 levels left

rFire    . . .     SeeInvis +     - Unarmed
rCold    + . .     Gourm    .   u - +0 shield
rNeg     . . .     Faith    .   (helmet restricted)
rPois    .         Spirit   .   (no amulet)
rElec    .         Reflect  .   c - ring of see invisible
rCorr    .         Harm     .   l - ring of protection from cold
MR       .....     Rnd*Rage +   n - ring of flight
Stlth    ++++......             i - ring of magical power
HPRegen  0.21/turn              v - +4 ring of slaying
MPRegen  0.19/turn              (no ring)
                                y - ring of wizardry
                                (no ring)

@: mighty, very slow
A: almost no armour, stealthy swim, amphibious, 8 rings, constrict 8, icy blue
scales 1, camouflage 1, berserk 1, clever 1, gelatinous body 1
a: Bend Time, Temporal Distortion, Slouch, Step From Time, Renounce Religion,
Evoke Flight


You were on level 1 of the Lair of Beasts.
You worshipped Cheibriados.
Cheibriados was extremely pleased with you.
You were not hungry.

You visited 3 branches of the dungeon, and saw 12 of its levels.
You also visited: Sewer.

You collected 618 gold pieces.

Inventory:

Hand Weapons
 a - a +0 blowgun
 B - a +4 scimitar of flaming
Missiles
 q - 18 poisoned needles
Armour
 u - a +0 shield (worn)
Jewellery
 c - a ring of see invisible (left tentacle)
 i - a ring of magical power (on tentacle)
 l - a ring of protection from cold (right tentacle)
 n - a ring of flight (on tentacle)
 v - a +4 ring of slaying (on tentacle)
 y - a ring of wizardry (on tentacle)
Wands
 A - a wand of digging (10)
 C - a wand of iceblast (8)
Scrolls
 d - a scroll of fog
 g - 6 scrolls of remove curse
 r - 3 scrolls of teleportation
 D - a scroll of enchant weapon
Potions
 b - 2 potions of cancellation
 f - 2 potions of brilliance
 j - a potion of mutation
 o - a potion of invisibility {unknown}
 p - 3 potions of curing
 s - 2 potions of lignification {unknown}
 t - a potion of flight {unknown}
 z - 2 potions of magic {unknown}
 E - a potion of resistance {unknown}
Books
 h - a book of Misfortune

   Spells                             Type                      Level
   a - Confusing Touch                Hexes                        1
   b - Confuse                        Hexes                        3
   c - Gell's Gravitas                Translocation                3
   d - Petrify                        Transmutation/Earth          4
   e - Metabolic Englaciation         Hexes/Ice                    5
   f - Yara's Violent Unravelling     Hexes/Transmutation          5
 w - a book of Cantrips

   Spells                             Type                      Level
   a - Confusing Touch                Hexes                        1
   b - Animate Skeleton               Necromancy                   1
   c - Summon Small Mammal            Summoning                    1
   d - Apportation                    Translocation                1
Comestibles
 m - 20 rations
 x - 5 chunks of flesh


   Skills:
 - Level 3.0 Fighting
 - Level 7.0 Dodging
 - Level 2.6 Stealth
 + Level 7.5 Shields
 * Level 13.1 Unarmed Combat
 + Level 7.1 Invocations


You had 10 spell levels left.
You didn't know any spells.

Dungeon Overview and Level Annotations

Branches:
Dungeon (10/15)            Temple (1/1) D:5            Lair (1/6) D:9
    Orc: D:9-12

Altars:
Cheibriados
Hepliaklqana
Makhleb
Nemelex Xobeh
Okawaru
Ru
Sif Muna
Uskayaw
Wu Jian
Xom
Yredelemnul
Zin
The Shining One

Annotations:
Lair:1 Harold


Innate Abilities, Weirdness & Mutations

You cannot wear most types of armour.
You are very stealthy in the water. (Stealth+)
You are amphibious.
You can wear up to eight rings at the same time.
You can use your tentacles to constrict eight enemies at once.
Your skin changes colour to match your surroundings (Stealth+).
Your rubbery body absorbs attacks. (AC +1, EV +1)
You are partially covered in icy blue scales. (AC +2)
You tend to lose your temper in combat.
Your mind is acute. (Int +2)


Message History

Harold hits you from afar with a halberd of protection!
You feel much better.
You struggle against the net.
Harold gestures at you while chanting. The bolt of fire misses you.
You struggle against the net.
Harold casts a spell at you. The bolt of fire hits you!
Huge Dmg: -39%(-26hp) hp: 41%(27hp)
You rip the net and break free!
Harold barely misses you. Harold barely misses you.
Harold points at you and mumbles some strange words.
The bolt of fire hits you!
* * * LOW HITPOINT WARNING * * *
Huge Dmg: -17%(-11hp) hp: 24%(16hp)
You batter Harold!! You grab Harold. You squeeze Harold!
Harold is heavily wounded.
You constrict Harold.
Harold hits you with a halberd of protection!
You die...

#.....#.........#
##....†#........##
.......#.......##
.......<.......#
..............P#
...#..........##
#............#.## #
###P.........##(##.##
####......#...@@..#
#..............#
####............#
..............#
...............#
...............#
...............#
..............#


You could see Harold.

Vanquished Creatures
  Erica (D:9)
  2 two-headed ogres (D:8)
  A centaur zombie (D:9)
  Joseph (D:7)
  A rime drake (Lair:1)
  A spiny frog (Lair:1)
  A hippogriff (D:8)
  4 hogs (D:7)
  4 yaks (D:7)
  A human (D:7)
  3 wargs (D:9)
  2 water moccasins
  An ice beast (D:9)
  6 orc warriors
  A sky beast (D:5)
  4 ogres
  4 phantoms
  6 centaurs
  A big kobold (D:9)
  2 crocodiles
  5 bullfrogs
  4 scorpions
  4 killer bees (D:6)
  2 howler monkeys (D:8)
  7 crimson imps
  A hound (D:8)
  2 orc priests
  A bullfrog zombie (D:6)
  4 jellies
  13 orc wizards
  Crazy Yiuf (D:2)
  Terence (D:2)
  Jessica (D:2)
  A centaur skeleton (D:8)
  4 iguanas
  8 worker ants
  2 worker ant zombies
  4 gnolls
  7 adders
  2 shadow imps
  3 oozes
  An adder skeleton (D:4)
  4 worms
  A dart slug (D:2)
  6 leopard geckos
  50 orcs
  4 bats
  9 giant cockroaches
  6 goblins
  8 hobgoblins
  13 jackals
  16 kobolds
  3 quokkas
  5 ball pythons
  A ball python skeleton (D:4)
  4 frilled lizards
  A leopard gecko skeleton (D:5)
  A leopard gecko zombie (D:5)
  A quokka zombie (D:6)
  7 rats
  A fungus (D:2)
266 creatures vanquished.

Vanquished Creatures (others)
  A plant (D:5)
1 creature vanquished.

Grand Total: 267 creatures vanquished

Notes
Turn   | Place    | Note
-------+----------+-------------------------------------------
     0 | D:1      | Gigax the Octopode Monk began the quest for the Orb.
     0 | D:1      | Reached XP level 1. HP: 16/16 MP: 1/1
   127 | D:1      | Reached XP level 2. HP: 8/21 MP: 2/2
   869 | D:2      | Reached XP level 3. HP: 24/26 MP: 3/3
   874 | D:2      | Noticed Jessica
   877 | D:2      | Killed Jessica
   877 | D:2      | Reached skill level 4 in Unarmed Combat
   966 | D:1      | Reached XP level 4. HP: 24/31 MP: 4/4
   992 | D:2      | Noticed Terence
  1167 | D:2      | Gained mutation: You tend to lose your temper in combat. [potion of mutation]
  1167 | D:2      | Gained mutation: Your mind is acute. (Int +2) [potion of mutation]
  1167 | D:2      | Gained mutation: You are partially covered in icy blue scales. (AC +2) [potion of mutation]
  1214 | D:2      | Reached XP level 5. HP: 22/36 MP: 5/5
  1662 | D:2      | Reached skill level 5 in Unarmed Combat
  1717 | D:2      | Found a runed door.
  1721 | D:2      | Noticed Crazy Yiuf
  1728 | D:2      | Killed Crazy Yiuf
  1821 | D:2      | Killed Terence
  1897 | D:3      | Reached XP level 6. HP: 40/42 MP: 6/6
  2320 | D:3      | Reached skill level 6 in Unarmed Combat
  3249 | D:4      | Reached skill level 5 in Dodging
  3249 | D:4      | Reached XP level 7. HP: 39/46 MP: 7/7
  3322 | D:4      | Reached skill level 7 in Unarmed Combat
  3772 | D:5      | Entered Level 5 of the Dungeon
  3881 | D:5      | Found a sparkling altar of Nemelex Xobeh.
  4133 | D:5      | Reached XP level 8. HP: 9/52 MP: 8/8
  4488 | D:5      | Reached skill level 8 in Unarmed Combat
  4915 | D:5      | Found a staircase to the Ecumenical Temple.
  4924 | Temple   | Entered the Ecumenical Temple
  4933 | Temple   | Became a worshipper of Cheibriados the Contemplative
  4933 | Temple   | Reached * piety under Cheibriados
  4933 | Temple   | Reached ** piety under Cheibriados
  5061 | D:5      | Reached skill level 1 in Shields
  5295 | D:6      | Found a glowing drain.
  5364 | Sewer    | Entered a sewer
  5826 | D:6      | Reached skill level 9 in Unarmed Combat
  5896 | D:6      | Reached XP level 9. HP: 56/56 MP: 9/9
  5928 | D:6      | Reached *** piety under Cheibriados
  6342 | D:6      | Reached skill level 10 in Unarmed Combat
  6342 | D:6      | Reached skill level 1 in Invocations
  6672 | D:7      | Noticed Joseph
  6701 | D:7      | Killed Joseph
  7053 | D:7      | Reached XP level 10. HP: 63/63 MP: 12/12
  7119 | D:7      | Reached skill level 5 in Shields
  7182 | D:7      | Reached **** piety under Cheibriados
  7182 | D:7      | Reached skill level 11 in Unarmed Combat
  7603 | D:8      | Noticed a two-headed ogre
  7609 | D:8      | Killed a two-headed ogre
  7624 | D:8      | Reached skill level 5 in Invocations
  7915 | D:8      | Noticed a two-headed ogre
  7920 | D:8      | Killed a two-headed ogre
  7920 | D:8      | Reached skill level 12 in Unarmed Combat
  7942 | D:8      | Reached ***** piety under Cheibriados
  8214 | D:8      | Reached XP level 11. HP: 67/67 MP: 15/15
  8545 | D:9      | Noticed Erica
  8552 | D:9      | Killed Erica
  8711 | D:9      | Found a staircase to the Lair.
  9180 | D:10     | Entered Level 10 of the Dungeon
  9183 | D:10     | Noticed an unseen horror
  9238 | Lair:1   | Entered Level 1 of the Lair of Beasts
  9244 | Lair:1   | Reached skill level 13 in Unarmed Combat
  9256 | Lair:1   | Found a glowing silver altar of Zin.
  9380 | Lair:1   | Noticed Harold
  9394 | Lair:1   | Slain by Harold

Skill      XL: |  1  2  3  4  5  6  7  8  9 10 11 |
---------------+----------------------------------+-----
Unarmed Combat | 4 5 6 7 9 10 12 13 | 13.1
Dodging        | 4 5 6 7 |  7.0
Shields        | 2 4 6 7 |  7.5
Invocations    | 3 6 7 |  7.1
Fighting       | |  3.0
Stealth        | |  2.6

Action                   |  1- 3 |  4- 6 |  7- 9 | 10-12 || total
-------------------------+-------+-------+-------+-------++-------
Melee: Unarmed           |    51 |    62 |   136 |   155 ||   404
       Constrict         |    13 |    43 |    38 |    29 ||   123
       Tentacles         |    10 |    29 |    55 |    61 ||   155
       Punch             |     1 |     1 |    18 |    29 ||    49
       Quarterstaff      |       |   100 |    67 |       ||   167
  Use: Scroll            |     1 |     6 |     9 |     4 ||    20
       Potion            |       |     1 |     4 |     3 ||     8
 Stab: Sleeping          |     7 |    16 |    13 |     9 ||    45
       Paralysed         |       |     3 |       |       ||     3
       Distracted        |       |       |     4 |     3 ||     7
  Eat: Ration            |       |     2 |       |       ||     2
       Chunk             |       |     1 |     8 |     4 ||    13
Armor: Skin              |     1 |    22 |    12 |     1 ||    36
Dodge: Dodged            |    33 |   105 |   111 |    95 ||   344
Block: Shield            |       |       |       |    61 ||    61
